PBL
AMARILLO THUNDERHEADS @ MADISON BREWERS
06/26/2048
 
TOP OF THE 1ST
Amarillo ThunderHeads batting - Pitching for Madison Brewers : LHP Hiroshi Matsuda
Pitching: LHP Hiroshi Matsuda
Batting: RHB Sam Voss 0-0: Ball
1-0: SINGLE (Groundball, 25, EV 63.8 MPH) (infield hit)
Batting: RHB Evan Fry 0-0: Ball
1-0: Called Strike
1-1: Called Strike
1-2: Ball
2-2: Foul Ball, location: 2F
2-2: Strikes out swinging
Batting: LHB Danny Moreno 0-0: Ball
1-0: Swinging Strike
1-1: Ball
2-1: Foul Ball, location: 2F
2-2: Foul Ball, location: 2F
2-2: Ball
3-2: Fly out, F8 (Flyball, 8LXD, EV 88.8 MPH)
Runner from 1st tags up, SAFE at 2nd
Batting: RHB Robert Topete 0-0: Swinging Strike
0-1: Ball
1-1: Ball
2-1: Called Strike
2-2: Ball
3-2: SINGLE (Line Drive, 6D, EV 95.6 MPH)
Sam Voss to third
Runner from 3rd tries for Home, SAFE, throw by LF to home
Batting: RHB Ryan Salas 0-0: Called Strike
0-1: Fly out, F9 (Flyball, 89M, EV 89.4 MPH)
Top of the 1st over - 1 run, 2 hits, 0 errors, 1 left on base; Amarillo 1 - Madison 0
BOTTOM OF THE 1ST
Madison Brewers batting - Pitching for Amarillo ThunderHeads : RHP Jorge Burruel
Pitching: RHP Jorge Burruel
Batting: RHB Ben Follett 0-0: Ball
1-0: Foul Ball, location: 2F
1-1: Hit by Pitch
Batting: LHB Danny Roberts 0-0: Ball
1-0: Called Strike
1-1: Ball
2-1: Called Strike
Ben Follett steals 2nd base
2-2: Foul Ball, location: 2F
2-2: Strikes out swinging
Batting: LHB Bill Kovac 0-0: Called Strike
0-1: Ball
1-1: DOUBLE (Line Drive, 7LM, EV 106.9 MPH)
Ben Follett scores
Batting: RHB Frank Pena 0-0: Called Strike
0-1: Ball
1-1: Ball
2-1: Ground out 4-3 (Groundball, 4, EV 80.6 MPH)
Bill Kovac to third
Batting: LHB Tony Hasbun 0-0: Ball
1-0: Called Strike
1-1: Ball
2-1: Foul Ball, location: 2F
2-2: Foul Ball, location: 2F
2-2: Ball
3-2: Fly out, F9 (Flyball, 9D, EV 96.2 MPH)
Bottom of the 1st over - 1 run, 1 hit, 0 errors, 1 left on base; Amarillo 1 - Madison 1
TOP OF THE 2ND
Amarillo ThunderHeads batting - Pitching for Madison Brewers : LHP Hiroshi Matsuda
Batting: RHB Bill Flannery 0-0: Ball
1-0: Swinging Strike
1-1: Ball
2-1: Swinging Strike
2-2: Ground out 5-3 (Groundball, 56S, EV 91.2 MPH)
Batting: RHB Timotheus Cooper 0-0: Ball
1-0: Ball
2-0: Called Strike
2-1: Foul Ball, location: 2F
2-2: Ball
3-2: Fly out, F8 (Flyball, 8LM, EV 73.8 MPH)
Batting: RHB Pat Martin 0-0: Fly out, F8 (Flyball, 89XD, EV 83.8 MPH)
Top of the 2nd over - 0 runs, 0 hits, 0 errors, 0 left on base; Amarillo 1 - Madison 1
BOTTOM OF THE 2ND
Madison Brewers batting - Pitching for Amarillo ThunderHeads : RHP Jorge Burruel
Batting: RHB Fernando Mejia 0-0: Called Strike
0-1: Ball
1-1: Called Strike
1-2: SOLO HOME RUN (Flyball, 89XD, EV 105.0 MPH), Distance : 432 ft
Batting: RHB Dave Guevara 0-0: Called Strike
0-1: Swinging Strike
0-2: Ball
1-2: Ball
2-2: Ball
3-2: Fly out, F8 (Flyball, 89D, EV 86.9 MPH)
Batting: RHB Malcolm McCauley 0-0: Ball
1-0: Foul Ball, location: 2F
1-1: Swinging Strike
1-2: Strikes out swinging
Batting: RHB Kelan Rae 0-0: Called Strike
0-1: SINGLE (Line Drive, 4D, EV 108.1 MPH)
Batting: RHB Ben Follett 0-0: Called Strike
0-1: Ball
1-1: Called Strike
1-2: Foul Ball, location: 2F
1-2: Ball
2-2: Ball
Kelan Rae is caught stealing 2nd base 2-4
Bottom of the 2nd over - 1 run, 2 hits, 0 errors, 0 left on base; Amarillo 1 - Madison 2
TOP OF THE 3RD
Amarillo ThunderHeads batting - Pitching for Madison Brewers : LHP Hiroshi Matsuda
Batting: RHB Eddie Vanderjagt 0-0: SINGLE (Groundball, 13S, EV 68.8 MPH) (infield hit)
Batting: RHB Sam Voss 0-0: Ball
1-0: Ball
2-0: DOUBLE (Line Drive, 89D, EV 108.8 MPH)
Eddie Vanderjagt to third
Batting: RHB Evan Fry 0-0: Called Strike
0-1: Swinging Strike
0-2: Strikes out looking
Batting: LHB Danny Moreno 0-0: Hit by Pitch
Batting: RHB Robert Topete 0-0: Called Strike
0-1: Called Strike
0-2: Ball
1-2: SINGLE (Groundball, 15S, EV 76.2 MPH) (infield hit)
Eddie Vanderjagt scores
Sam Voss to third
Danny Moreno to second
Batting: RHB Ryan Salas 0-0: Foul Ball, location: 2F
0-1: Ball
1-1: Ball
2-1: Called Strike
2-2: Foul Ball, location: 2F
2-2: Ball
3-2: Foul Ball, location: 2F
3-2: Foul Ball, location: 2F
3-2: Foul Ball, location: 2F
3-2: Strikes out swinging
Batting: RHB Bill Flannery 0-0: Called Strike
0-1: Foul Ball, location: 2F
0-2: SINGLE (Groundball, 6MD, EV 99.4 MPH)
Sam Voss scores
Danny Moreno to third
Robert Topete to second
Runner from 3rd tries for Home, SAFE, throw by CF to home
Batting: RHB Timotheus Cooper 0-0: Called Strike
0-1: 3-RUN HOME RUN (Flyball, 78XD, EV 98.8 MPH), Distance : 402 ft
Pitching: RHP Mario Ayala
Pinch Hitting: RHB Eric Camillo 0-0: Called Strike
0-1: Called Strike
0-2: Ball
1-2: Ball
2-2: SINGLE (Groundball, 56D, EV 109.4 MPH)
Batting: RHB Eddie Vanderjagt 0-0: Swinging Strike
0-1: Swinging Strike
0-2: Strikes out swinging
Top of the 3rd over - 6 runs, 6 hits, 0 errors, 1 left on base; Amarillo 7 - Madison 2
BOTTOM OF THE 3RD
Madison Brewers batting - Pitching for Amarillo ThunderHeads : RHP Jorge Burruel
Now at 2B: Tyler Romo
Batting: RHB Ben Follett 0-0: Ball
1-0: Swinging Strike
1-1: Ball
2-1: Swinging Strike
2-2: Fly out, F9 (Flyball, 9D, EV 95.6 MPH)
Batting: LHB Danny Roberts 0-0: Swinging Strike
0-1: Swinging Strike
0-2: Ball
1-2: Strikes out swinging
Batting: LHB Bill Kovac 0-0: Ball
1-0: Ball
2-0: Called Strike
2-1: Foul Ball, location: 2F
2-2: Foul Ball, location: 2F
2-2: Ground out 6-3 (Groundball, P, EV 83.8 MPH)
Bottom of the 3rd over - 0 runs, 0 hits, 0 errors, 0 left on base; Amarillo 7 - Madison 2
TOP OF THE 4TH
Amarillo ThunderHeads batting - Pitching for Madison Brewers : RHP Mario Ayala
Batting: RHB Sam Voss 0-0: Ball
1-0: Called Strike
1-1: Ball
2-1: Ground out 4-3 (Groundball, 4MS, EV 86.9 MPH)
Batting: RHB Evan Fry 0-0: Ball
1-0: Foul Ball, location: 2F
1-1: Ground out 4-3 (Groundball, 34, EV 108.1 MPH)
Batting: LHB Danny Moreno 0-0: Ball
1-0: Foul Ball, location: 2F
1-1: Ground out 1-3 (Groundball, 13S, EV 61.9 MPH)
Top of the 4th over - 0 runs, 0 hits, 0 errors, 0 left on base; Amarillo 7 - Madison 2
BOTTOM OF THE 4TH
Madison Brewers batting - Pitching for Amarillo ThunderHeads : RHP Jorge Burruel
Batting: RHB Frank Pena 0-0: Ball
1-0: Foul Ball, location: 2F
1-1: Ground out 6-3 (Groundball, 6, EV 81.9 MPH)
Batting: LHB Tony Hasbun 0-0: Foul Ball, location: 2F
0-1: Fly out, F6 (Popup, 6MS, EV 69.4 MPH)
Batting: RHB Fernando Mejia 0-0: Ball
1-0: SINGLE (Line Drive, 7LS, EV 98.8 MPH)
Batting: RHB Dave Guevara 0-0: Ball
1-0: SINGLE (Groundball, 34S, EV 72.5 MPH) (infield hit)
Fernando Mejia to second
Batting: RHB Malcolm McCauley 0-0: Fly out, F8 (Flyball, 8RS, EV 85.0 MPH)
Bottom of the 4th over - 0 runs, 2 hits, 0 errors, 2 left on base; Amarillo 7 - Madison 2
TOP OF THE 5TH
Amarillo ThunderHeads batting - Pitching for Madison Brewers : RHP Mario Ayala
Batting: RHB Robert Topete 0-0: Ball
1-0: Foul Ball, location: 2F
1-1: Ball
2-1: Ball
3-1: Foul Ball, location: 2F
3-2: Base on Balls
Batting: RHB Ryan Salas 0-0: Called Strike
0-1: DOUBLE (Line Drive, 89M, EV 88.8 MPH)
Robert Topete to third
Batting: RHB Bill Flannery 0-0: SINGLE (Line Drive, 78S, EV 112.5 MPH)
Robert Topete scores
Ryan Salas to third
Runner from 3rd tries for Home, throw by LF and OUT! 7-2
Batting: RHB Timotheus Cooper 0-0: Called Strike
0-1: Ball
1-1: Ball
2-1: Swinging Strike
2-2: Strikes out swinging
Batting: SHB Tyler Romo 0-0: Ball
1-0: Foul Ball, location: 2F
1-1: Called Strike
1-2: Fly out, F8 (Line Drive, 8RM, EV 86.9 MPH)
Top of the 5th over - 1 run, 2 hits, 0 errors, 1 left on base; Amarillo 8 - Madison 2
BOTTOM OF THE 5TH
Madison Brewers batting - Pitching for Amarillo ThunderHeads : RHP Jorge Burruel
Batting: RHB Kelan Rae 0-0: Swinging Strike
0-1: Foul Ball, location: 2F
0-2: Ball
1-2: Strikes out swinging
Batting: RHB Ben Follett 0-0: Ball
1-0: Ball
2-0: Ball
3-0: Base on Balls
Batting: LHB Danny Roberts 0-0: Called Strike
Ben Follett is caught stealing 2nd base 2-6
0-1: Ball
1-1: Foul Ball, location: 2F
1-2: Ball
2-2: Foul Ball, location: 2F
2-2: Ball
3-2: Foul Ball, location: 2F
3-2: SINGLE (Line Drive, 8RS, EV 101.2 MPH)
Batting: LHB Bill Kovac 0-0: Ball
1-0: Foul Ball, location: 2F
1-1: Swinging Strike
1-2: Ball
2-2: Fly out, F7 (Line Drive, 78M, EV 89.4 MPH)
Bottom of the 5th over - 0 runs, 1 hit, 0 errors, 1 left on base; Amarillo 8 - Madison 2
TOP OF THE 6TH
Amarillo ThunderHeads batting - Pitching for Madison Brewers : RHP Mario Ayala
Batting: RHB Eddie Vanderjagt 0-0: Ball
1-0: Foul Ball, location: 2F
1-1: Swinging Strike
1-2: Ball
2-2: Strikes out swinging
Batting: RHB Sam Voss 0-0: Ball
1-0: Swinging Strike
1-1: Ball
2-1: Ball
3-1: Ground out 4-3 (Groundball, 4, EV 90.0 MPH)
Batting: RHB Evan Fry 0-0: Called Strike
0-1: Ball
1-1: Ball
2-1: Ball
3-1: Foul Ball, location: 2F
3-2: Fly out, F9 (Flyball, 89S, EV 83.1 MPH)
Top of the 6th over - 0 runs, 0 hits, 0 errors, 0 left on base; Amarillo 8 - Madison 2
BOTTOM OF THE 6TH
Madison Brewers batting - Pitching for Amarillo ThunderHeads : RHP Jorge Burruel
Batting: RHB Frank Pena 0-0: Ball
1-0: Ball
2-0: Ball
3-0: Called Strike
3-1: Ground out 3-1 (Groundball, 34, EV 81.9 MPH)
Batting: LHB Tony Hasbun 0-0: Swinging Strike
0-1: Ground out 4-3 (Groundball, 4M, EV 86.9 MPH)
Batting: RHB Fernando Mejia 0-0: Called Strike
0-1: Ball
1-1: Swinging Strike
1-2: Strikes out looking
Bottom of the 6th over - 0 runs, 0 hits, 0 errors, 0 left on base; Amarillo 8 - Madison 2
TOP OF THE 7TH
Amarillo ThunderHeads batting - Pitching for Madison Brewers : RHP Mario Ayala
Batting: LHB Danny Moreno 0-0: Called Strike
0-1: Swinging Strike
0-2: Ball
1-2: Foul Ball, location: 2F
1-2: Foul Ball, location: 2F
1-2: Foul Ball, location: 2F
1-2: Strikes out swinging
Batting: RHB Robert Topete 0-0: Called Strike
0-1: Swinging Strike
0-2: Ball
1-2: Strikes out looking
Batting: RHB Ryan Salas 0-0: Ball
1-0: Fly out, F7 (Flyball, 7LSF, EV 97.5 MPH)
Top of the 7th over - 0 runs, 0 hits, 0 errors, 0 left on base; Amarillo 8 - Madison 2
BOTTOM OF THE 7TH
Madison Brewers batting - Pitching for Amarillo ThunderHeads : RHP Jorge Burruel
Pitching: RHP Erik Myers
Pinch Hitting: LHB Jesus Huante 0-0: Foul Ball, location: 2F
0-1: Ball
1-1: Swinging Strike
1-2: Fly out, F8 (Flyball, 8LM, EV 86.9 MPH)
Pinch Hitting: RHB Tristan Smeets 0-0: Fly out, F8 (Flyball, 8LXD, EV 103.8 MPH)
Batting: LHB Jose Simental 0-0: Ball
1-0: Ball
2-0: Ball
3-0: Base on Balls
Batting: RHB Ben Follett 0-0: Called Strike
0-1: Ball
Jose Simental is caught stealing 2nd base 2-4
Bottom of the 7th over - 0 runs, 0 hits, 0 errors, 0 left on base; Amarillo 8 - Madison 2
TOP OF THE 8TH
Amarillo ThunderHeads batting - Pitching for Madison Brewers : RHP Mario Ayala
Now at 3B: Noah Peek
Now in CF: Sammar Wambugu
Batting: RHB Bill Flannery 0-0: Ball
1-0: SINGLE (Groundball, 6MD, EV 103.8 MPH)
Pitching: RHP Antonio Ballesteros
Batting: RHB Timotheus Cooper 0-0: Ball
1-0: Foul Ball, location: 2F
1-1: Swinging Strike
1-2: Strikes out looking
Batting: SHB Tyler Romo 0-0: Ball
1-0: Called Strike
1-1: Foul Ball, location: 2F
1-2: Foul Ball, location: 2F
1-2: Strikes out looking
Batting: RHB Eddie Vanderjagt 0-0: Ball
1-0: Called Strike
1-1: Ball
2-1: Swinging Strike
2-2: Ball
3-2: Strikes out swinging
Top of the 8th over - 0 runs, 1 hit, 0 errors, 1 left on base; Amarillo 8 - Madison 2
BOTTOM OF THE 8TH
Madison Brewers batting - Pitching for Amarillo ThunderHeads : RHP Erik Myers
Batting: RHB Ben Follett 0-0: Ball
1-0: Called Strike
1-1: Ball
2-1: Fly out, F9 (Flyball, 9, EV 79.4 MPH)
Batting: LHB Danny Roberts 0-0: Ball
1-0: Foul Ball, location: 2F
1-1: Called Strike
1-2: Foul Ball, location: 2F
1-2: Ball
2-2: Ball
3-2: Ground out 4-3 (Groundball, 34D, EV 100.6 MPH)
Batting: LHB Bill Kovac 0-0: Ball
1-0: Foul Ball, location: 2F
1-1: Swinging Strike
1-2: Foul Ball, location: 2F
1-2: Strikes out swinging
Bottom of the 8th over - 0 runs, 0 hits, 0 errors, 0 left on base; Amarillo 8 - Madison 2
TOP OF THE 9TH
Amarillo ThunderHeads batting - Pitching for Madison Brewers : RHP Antonio Ballesteros
Batting: RHB Sam Voss 0-0: Ball
1-0: Swinging Strike
1-1: Swinging Strike
1-2: Strikes out looking
Batting: RHB Evan Fry 0-0: Swinging Strike
0-1: Fly out, F8 (Line Drive, 8LS, EV 87.5 MPH)
Batting: LHB Danny Moreno 0-0: Called Strike
0-1: Ball
1-1: Foul Ball, location: 2F
1-2: Ball
2-2: Fly out, F8 (Flyball, 8LM, EV 87.5 MPH)
Top of the 9th over - 0 runs, 0 hits, 0 errors, 0 left on base; Amarillo 8 - Madison 2
BOTTOM OF THE 9TH
Madison Brewers batting - Pitching for Amarillo ThunderHeads : RHP Erik Myers
Batting: RHB Frank Pena 0-0: Called Strike
0-1: Swinging Strike
0-2: Foul Ball, location: 2F
0-2: Strikes out looking
Batting: LHB Tony Hasbun 0-0: Ball
1-0: Ball
2-0: SINGLE (Flyball, 3D, EV 90.0 MPH)
Batting: RHB Fernando Mejia 0-0: Ball
1-0: Ball
2-0: Grounds into double play, 5-4-3 (Groundball, 5S, EV 83.8 MPH)
Bottom of the 9th over - 0 runs, 1 hit, 0 errors, 0 left on base; Amarillo 8 - Madison 2
Tuesday, March 28th , 2023 - OOTP Baseball 23.10 Build 110